 Dungeon Crawl Stone Soup version 0.30-a0-840-ga523dec638 (webtiles) character file.

Game seed: 5124777124031921905

179 cforsyth the Sneak (level 5, -5/32 HPs)
             Began as a Kobold Brigand on Mar 2, 2023.
             Slain by Menkaure (6 damage)
             ... on level 4 of the Dungeon.
             The game lasted 00:03:22 (3996 turns).

cforsyth the Sneak (Kobold Brigand)                 Turns: 3996, Time: 00:03:23

Health: -5/32      AC:  4    Str:  8    XL:     5   Next: 90%
Magic:  5/5        EV: 16    Int: 12    God:
Gold:   234        SH:  0    Dex: 19    Spells: 4/4 levels left

rFire   . . .      SeeInvis .    a - +2 dagger
rCold   . . .      Faith    .    (no shield)
rNeg    . . .      Spirit   .    b - +0 robe
rPois   .          Reflect  .    s - +0 helmet
rElec   .          Harm     .    c - +0 cloak
rCorr   .          Rampage  .    (no gloves)
Will    .....                    (no boots)
Stlth   +++++                    (no amulet)
HPRegen 0.25/turn                (no ring)
MPRegen 0.09/turn                (no ring)

@: hasted, very quick
A: small, no large weapons, nightstalker 3
a: no special abilities


You were on level 4 of the Dungeon.
You visited 1 branch of the dungeon, and saw 4 of its levels.

You collected 234 gold pieces.

Inventory:

Hand Weapons
 a - a +2 dagger (weapon)
Missiles
 d - 9 poisoned darts (quivered)
 e - 3 curare-tipped darts
 m - 2 atropa-tipped darts
Armour
 b - a +0 robe (worn)
 c - a +0 cloak (worn)
 s - a +0 helmet (worn)
Jewellery
 g - a ring of poison resistance
 j - a ring of magical power
 o - a ring of magical power
 r - an amulet of regeneration
Wands
 w - a wand of paralysis (7)
Scrolls
 f - a scroll of magic mapping {unknown}
 h - 3 scrolls of teleportation {unknown}
 k - 2 scrolls of acquirement {unknown}
 l - 2 scrolls of fog {unknown}
 n - 3 scrolls of identify {unknown}
 p - 2 scrolls of noise {unknown}
 t - a scroll of amnesia {unknown}
 x - 3 scrolls of fear {unknown}
 y - a scroll of immolation {unknown}
 z - a scroll of brand weapon {unknown}
 B - a scroll of enchant armour {unknown}
Potions
 i - a potion of haste
 q - a potion of degeneration {unknown}
 u - a potion of attraction {unknown}
 v - 2 potions of curing {unknown}
 A - a potion of brilliance {unknown}


   Skills:
 + Level 3.5 Fighting
 + Level 4.4 Short Blades
 - Level 2.1 Throwing
 + Level 3.3 Dodging
 + Level 6.5 Stealth


You had 4 spell levels left.
You didn't know any spells.
Your spell library contained the following spells:

 Spells                   Type           Power      Damage    Failure   Level
 Apportation              Tloc           0%         N/A       32%         1
 Summon Small Mammal      Summ           0%         N/A       32%         1
 Blink                    Tloc           0%         N/A       45%         2
 Lesser Beckoning         Tloc           0%         N/A       45%         2
 Momentum Strike          Conj/Tloc      0%         3d8       45%         2
 Call Canine Familiar     Summ           0%         N/A       69%         3
 Inner Flame              Hex/Fire       0%         N/A       69%         3
 Summon Guardian Golem    Hex/Summ       0%         N/A       69%         3
 Cause Fear               Hex            0%         N/A       97%         4
 Alistair's Intoxication  Tmut/Pois      0%         N/A       100%        5
 Discord                  Hex            0%         N/A       100%        8


Dungeon Overview and Level Annotations

Branches:
Dungeon (4/15)
 Temple: D:4-7

Altars:
Cheibriados
Qazlal

Annotations:
D:3 1 runed translucent door, Crazy Yiuf
D:4 Menkaure


Innate Abilities, Weirdness & Mutations

You are small and have problems with some larger weapons.
You are completely attuned to the shadows.


Message History

You barely resist. Menkaure barely misses you.
You completely miss Menkaure. You closely miss Menkaure.
Menkaure barely misses you.
You hit Menkaure.
Menkaure is lightly damaged.
Menkaure hits you.
You barely miss Menkaure.
Menkaure is lightly damaged.
You hit Menkaure.
Menkaure is lightly damaged.
Menkaure casts a spell at you. Pain shoots through your body!
You hit Menkaure.
Menkaure is moderately damaged.
You barely miss Menkaure.
Menkaure is moderately damaged.
Menkaure barely misses you.
You hit Menkaure.
Menkaure is heavily damaged.
Menkaure gestures wildly while chanting.
Menkaure seems to speed up.
You hit Menkaure but do no damage.
Menkaure is heavily damaged.
You hit Menkaure but do no damage.
Menkaure is heavily damaged.
Menkaure hits you!!
Ouch! That really hurt!
* * * LOW HITPOINT WARNING * * *
You are too injured to fight recklessly!
You are too injured to fight recklessly!
You are too injured to fight recklessly!
You are too injured to fight recklessly!
You are too injured to fight recklessly!
You are too injured to fight recklessly!
You are too injured to fight recklessly!
You are too injured to fight recklessly!
It was a potion of haste.
You feel yourself speed up. Menkaure misses you. Menkaure hits you.
You die...

#..#........
...[...####. .#.#.###
# #<# .# #.# ...
#....## ....######
...#.. .......M...
.....## ......@##..
..#.####### #........#
#.#........
#.....######.#.#######
#..........#.#.#
#....>.........#
#..#######.....#
#..#########.###
#............#
....############


You could see Menkaure (fast).

Vanquished Creatures
  Ijyb (D:3)
  An iguana (D:4)
  3 adders
  2 dart slugs
  2 worms (D:2)
  5 orcs (D:3)
  6 bats
  6 endoplasms
  4 giant cockroaches
  6 hobgoblins
  3 kobolds
  2 quokkas
  9 ball pythons
  5 frilled lizards
  9 goblins
  24 rats
88 creatures vanquished.

Notes
Turn   | Place    | Note
-------+----------+-------------------------------------------
     0 | D:1      | cforsyth the Kobold Brigand began the quest for the Orb.
     0 | D:1      | Reached XP level 1. HP: 12/12 MP: 1/1
   149 | D:1      | Reached XP level 2. HP: 18/18 MP: 2/2
   501 | D:1      | Found a faded altar of an unknown god.
   583 | D:1      | Reached XP level 3. HP: 20/22 MP: 3/3
  1814 | D:2      | Reached XP level 4. HP: 27/27 MP: 4/4
  2298 | D:2      | Reached skill level 6 in Stealth
  2307 | D:2      | Found a stormy altar of Qazlal.
  2696 | D:3      | Noticed Ijyb
  2698 | D:3      | Killed Ijyb
  2699 | D:3      | Reached XP level 5. HP: 32/32 MP: 5/5
  2776 | D:3      | Found a snail-covered altar of Cheibriados.
  3638 | D:3      | Found a runed translucent door.
  3641 | D:3      | Noticed Crazy Yiuf
  3982 | D:4      | Noticed Menkaure
  3995 | D:4      | HP: 1/32 [Menkaure (22)]
  3996 | D:4      | Slain by Menkaure

Illustrated notes

Levels and vault maps discovered:
D:1:      tarquinn_simple_flora_water_d, layout_loops_corners,
          shapermc_ecumenical_altar_gd
D:2:      minmay_door_path, layout_basic, basic_altar, hangedman_decor_slide_cut
D:3:      layout_basic, mainiacjoe_overflow_catwalk, hex_tiny, minmay_rat_hole,
          uniq_ijyb, uniq_crazy_yiuf_cottage
D:4:      layout_loops_ring, st_stairs_13,
          nicolae_concentric_dashed_squares_wild, minmay_bisected, uniq_menkaure

Skill      XL: |  1  2  3  4  5 |
---------------+----------------+-----
Short Blades   | 3 4 |  4.4
Dodging        | 2 3 |  3.3
Fighting       | 3 |  3.5
Stealth        | 6 |  6.5
Throwing       | |  2.1

Action                     |  1- 3 |  4- 6 || total
---------------------------+-------+-------++-------
  Melee: Dagger            |    91 |   154 ||   245
         Punch             |       |     1 ||     1
    Use: Potion            |       |     1 ||     1
   Stab: Sleeping          |    26 |    16 ||    42
 Armour: Robe              |    12 |    32 ||    44
  Dodge: Dodged            |    59 |   123 ||   182

Table legend: (Time is in decaauts)
 A = Elapsed time spent in this place.
 B = Non-inter-level travel time spent in this place.
 C = Inter-level travel time spent in this place.
 D = Time resting spent in this place.
 E = Time spent auto-exploring this place.
 F = Levels seen in this place.
 G = Mean time per level.
                   A        B        C        D        E       F      G
               +--------+--------+--------+--------+--------+-----+--------+
         Total |   3951 |   3853 |     98 |    412 |   2880 |   4 |  987.8 |
       Dungeon |   3951 |   3853 |     98 |    412 |   2880 |   4 |  987.8 |
               +--------+--------+--------+--------+--------+-----+--------+

Top non-repeatable levels by time:
     D:2: 1724 daAuts
     D:1: 1086 daAuts
     D:3: 1038 daAuts
     D:4: 101 daAuts
